 Dungeon Crawl Stone Soup version 0.28-a0-1389-gc726bef33b (webtiles) character file.

Game seed: 1876835552832542925

3672 Deminshera the Fighter (level 10, 0/57 (68) HPs)
             Began as a Kobold Brigand on Jan 3, 2022.
             Was a Follower of Uskayaw.
             Slain by Harold (8 damage)
             ... on level 7 of the Dungeon.
             The game lasted 00:12:58 (12967 turns).

Deminshera the Fighter (Kobold Brigand)            Turns: 12967, Time: 00:12:59

HP:   0/57 (68)     AC:  9    Str: 13    XL:     10   Next: 34%
MP:   15/15         EV: 14    Int: 18    God:    Uskayaw [*.....]
Gold: 189           SH:  0    Dex: 17    Spells: 9/9 levels left

rFire   + . .      SeeInvis .   l - +2 short sword (vamp)
rCold   . . .      Faith    .   (no shield)
rNeg    . . .      Spirit   .   j - +1 ring mail {rF+}
rPois   +          Reflect  .   p - +0 helmet
rElec   .          Harm     .   n - +0 cloak
rCorr   .          Rampage  .   A - +0 pair of gloves
Will    .....                   (no boots)
Stlth   +++++.....              (no amulet)
HPRegen 0.19/turn               f - ring of poison resistance
MPRegen 0.14/turn               a - +6 ring of intelligence

@: heavily drained
A: small, no large weapons, nightstalker 3
a: Renounce Religion, Stomp


You were on level 7 of the Dungeon.
You worshipped Uskayaw.
Uskayaw was noncommittal.
You visited 1 branch of the dungeon, and saw 8 of its levels.
You also visited: Sewer.

You collected 434 gold pieces.
You spent 245 gold pieces at shops.

Inventory:

Hand Weapons
 l - a +2 vampiric short sword (weapon)
 m - the +3 shortbow of Insufficient Pleasure {freeze, Int+4}
   (You found it on level 3 of the Dungeon)

   Any ammunition fired from it freezes those it strikes, dealing additional
   cold damage.
   It can also slow down cold-blooded creatures.
   Int:       It affects your intelligence (+4).
 y - a +2 short sword of venom
Missiles
 d - 52 poisoned darts
 e - 6 curare-tipped darts (quivered)
Armour
 j - a +1 ring mail of fire resistance (worn)
 n - a +0 cloak (worn)
 p - a +0 helmet (worn)
 s - a scarf of invisibility
 A - a +0 pair of gloves (worn)
Jewellery
 a - a +6 ring of intelligence (right hand)
 f - a ring of poison resistance (left hand)
 t - an amulet of the acrobat
 B - a +6 ring of strength
Wands
 h - a wand of polymorph (9)
 o - a wand of flame (2)
Scrolls
 c - a scroll of identify
 g - 3 scrolls of fear
 k - 3 scrolls of fog
 q - 2 scrolls of blinking
 r - a scroll of teleportation
Potions
 b - 2 potions of lignification
 i - 4 potions of curing
 u - a potion of ambrosia
 v - a potion of attraction {unknown}
 w - a potion of brilliance {unknown}
 x - a potion of might {unknown}
 z - a potion of resistance {unknown}


   Skills:
 - Level 10.0 Fighting
 - Level 8.0 Short Blades
 - Level 3.0 Throwing
 - Level 3.0 Dodging
 - Level 10.0 Stealth
 - Level 1.8 Shields
 + Level 6.8 Invocations


You had 9 spell levels left.
You didn't know any spells.
Your spell library contained the following spells:

 Spells                   Type           Power      Damage    Failure   Level
 Ensorcelled Hibernation  Hex/Ice        0%         N/A       58%         2
 Spider Form              Tmut/Pois      0%         N/A       82%         3
 Animate Dead             Necr           0%         N/A       99%         4
 Haunt                    Necr/Summ      0%         N/A       100%        7
 Infestation              Necr           0%         N/A       100%        8


Dungeon Overview and Level Annotations

Branches:
Dungeon (8/15)             Temple (0/1) D:7           Sewer (visited)
   Lair: D:8-11

Altars:
Ashenzari
Cheibriados
Fedhas
Makhleb
Okawaru
Ru
Sif Muna
Uskayaw
Wu Jian
Xom

Shops:
D:2 [

Annotations:
D:7 Harold


Innate Abilities, Weirdness & Mutations

You are small and have problems with some larger weapons.
You are completely attuned to the shadows.


Message History

Done waiting.
Things that are here:
a +3 falchion; a +0 robe
There is a stone staircase leading up here.
You see here a ring of poison resistance.
There is a stone staircase leading down here.
You climb downwards.
Level annotation: Harold Harold throws a throwing net.
The throwing net hits you.
You become entangled in the net!
There is a stone staircase leading up, spattered with blood here.
You see here a throwing net.
You tear a large gash into the net.
A wight comes into view. It is wielding a +0 war axe.
You struggle against the net.
Harold hits you with a +0 vampiric scimitar!
You rip the net and break free!
Harold hits you with a +0 vampiric scimitar!
Harold closely misses you. The wight hits you but does no damage.
You climb upwards.
There is a stone staircase leading down here.
Harold says, "Bounty hunting has been great, but I can't wait to retire."
Harold hits you with a +0 vampiric scimitar.
The wight hits you with a +3 dagger. Harold misses you.
Harold throws a throwing net.
The throwing net closely misses you.
Harold says happily, "The price on your head will fill my nest egg nicely!"
The wight throws a stone.
The stone misses you.
Harold says, "Listen, it's nothing personal.
It's just a job."
Harold throws a throwing net.
The throwing net hits you.
You become entangled in the net!
The wight throws a stone.
The stone barely misses you.
You see here a throwing net.
You struggle against the net.
You tear a large gash into the net.
Harold hits you with a +0 vampiric scimitar!
* * * LOW HITPOINT WARNING * * *
You rip the net and break free!
Harold hits you with a +0 vampiric scimitar!
You die...

.# #..## ### .# ##..# [##
#...# (.#########..##
..............###
.#########......# ##
##......## # #.....)).###
#.....[@@..##############
##......z<##...)..........
#[......=.#...############
#.>.....(##..## #
##.....####..# #######
#..# #..#
####################
#...................


You could see Harold and a wight.

Vanquished Creatures
  Grinder (D:4)
  Prince Ribbit (D:7)
  A wyvern (D:7)
  A steam dragon (D:7)
  Edmund (D:6)
  2 water moccasins
  Duvessa (D:5)
  An ice beast (D:7)
  2 black bears
  3 necrophages
  2 sky beasts (D:7)
  3 ogres
  A centaur (D:7)
  3 kobold brigands
  3 bullfrogs
  2 scorpions
  Dowan (D:5)
  8 wights
  A jelly (D:7)
  4 hounds
  3 orc priests
  A centaur skeleton (D:7)
  A gnoll shaman (D:4)
  An iguana (D:5)
  A killer bee zombie (D:7)
  A howler monkey zombie (D:4)
  13 adders
  2 gnolls (D:4)
  2 howler monkey skeletons
  A river rat (D:6)
  A shadow imp (D:7)
  4 dart slugs
  2 worms (D:2)
  14 orcs
  9 ball pythons
  14 endoplasms
  9 giant cockroaches
  4 goblins
  3 hobgoblins
  5 jackals
  8 kobolds
  13 quokkas
  7 bats
  8 frilled lizards
  11 rats
180 creatures vanquished.

Notes
Turn   | Place    | Note
-------+----------+-------------------------------------------
     0 | D:1      | Deminshera the Kobold Brigand began the quest for the Orb.
     0 | D:1      | Reached XP level 1. HP: 12/12 MP: 1/1
   224 | D:1      | Reached XP level 2. HP: 18/18 MP: 2/2
   386 | D:1      | Found a faded altar of an unknown god.
   424 | D:1      | Reached XP level 3. HP: 22/22 MP: 3/3
   779 | D:2      | Found Iklug's Antique Armour Shop.
  1464 | D:2      | Reached XP level 4. HP: 21/27 MP: 4/4
  2383 | D:3      | Found a sacrificial altar of Ru.
  2384 | D:3      | Found a snail-covered altar of Cheibriados.
  2411 | D:3      | Found a blossoming altar of Fedhas.
  3353 | D:3      | Found a burning altar of Makhleb.
  3355 | D:3      | Noticed an Executioner
  3356 | D:3      | Noticed a smoke demon
  3356 | D:3      | Noticed an orange demon
  3582 | D:3      | Identified the +3 shortbow of Insufficient Pleasure
                  | {freeze, Int+4}
  4033 | D:4      | Noticed a kobold brigand
  4054 | D:4      | Killed a kobold brigand
  4055 | D:4      | Reached XP level 5. HP: 22/32 MP: 5/5
  4364 | D:4      | Noticed Grinder
  4372 | D:4      | Killed Grinder
  4373 | D:4      | Reached skill level 5 in Short Blades
  4373 | D:4      | Reached XP level 6. HP: 14/39 MP: 6/6
  4669 | D:4      | Noticed an ogre
  4673 | D:4      | Killed an ogre
  4674 | D:4      | Reached skill level 5 in Fighting
  4674 | D:4      | Reached XP level 7. HP: 44/44 MP: 7/7
  4681 | D:4      | Found a hide-covered altar of Uskayaw.
  4689 | D:4      | Became a worshipper of Uskayaw the Reveller
  4820 | D:4      | Reached * piety under Uskayaw
  4887 | D:4      | Found a broken altar of Ashenzari.
  5393 | D:4      | Found a shimmering altar of Xom.
  5551 | D:5      | Entered Level 5 of the Dungeon
  5661 | D:5      | Reached ** piety under Uskayaw
  6179 | D:5      | Reached XP level 8. HP: 53/53 MP: 8/8
  6975 | D:2      | Bought a runed scarf for 168 gold pieces
  6975 | D:2      | Bought an embroidered robe for 77 gold pieces
  7149 | D:6      | Found a glowing drain.
  7165 | Sewer    | Entered a sewer
  8417 | D:6      | Found an ornate altar of the Wu Jian Council.
  8481 | D:6      | Reached XP level 9. HP: 43/60 MP: 9/9
  8877 | D:6      | Noticed Dowan
  8878 | D:6      | Noticed Duvessa
  9146 | D:5      | Killed Duvessa
  9165 | D:5      | Killed Dowan
  9507 | D:6      | Reached *** piety under Uskayaw
  9629 | D:6      | Found an iron altar of Okawaru.
  9635 | D:6      | Noticed Edmund
  9653 | D:6      | Killed Edmund
  9654 | D:6      | Reached skill level 10 in Fighting
  9817 | D:6      | Reached skill level 1 in Invocations
 10878 | D:7      | Reached XP level 10. HP: 68/68 MP: 13/13
 10975 | D:7      | Noticed Prince Ribbit
 11002 | D:7      | Killed Prince Ribbit
 11003 | D:7      | Reached skill level 1 in Shields
 11098 | D:7      | Found a staircase to the Ecumenical Temple.
 11155 | D:7      | Found a shimmering blue altar of Sif Muna.
 11340 | D:7      | Reached skill level 5 in Invocations
 11540 | D:8      | Reached skill level 10 in Stealth
 12366 | D:8      | Noticed Harold
 12967 | D:7      | Slain by Harold

Illustrated notes

Levels and vault maps discovered:
D:1:      wander_arrival_peaceful_grave, layout_loops_cross,
          dreamdust_ecumenical_altar_grove
D:2:      layout_basic, serial_shops, shop_statue
D:3:      layout_loops_corners, makhleb_altar_promises_db,
          grunt_temple_overflow_open, serial_co_window_serial,
          co_window_of_opportunity_a, co_window_of_opportunity_a,
          co_window_of_opportunity_a, co_window_of_opportunity_a,
          co_window_paths_a, co_window_corner_a, co_window_corner_a,
          co_window_broadway_a, co_window_unsneaky_path_e, co_window_2corner,
          co_window_corner_b, co_window_corner_b, co_window_paths_e,
          glass_columns_a, glass_columns_b, glass_columns_b, glass_columns_a,
          glass_columns_a
D:4:      layout_basic, cheibrodos_ashenzari_chains, xom_butterflies,
          nicolae_uskayaw_murder_on_the_dancefloor, uniq_grinder
D:5:      kennysheep_six_static_rooms, layout_basic, serial_bayou,
          serial_bayou_shore_a, serial_bayou_pond_a, serial_bayou_pond_e,
          serial_bayou_lagoon_a
D:6:      layout_basic, nzn_wu_jian_council_hall,
          nicolae_overflow_crystal_walls, portal_sewer_entry_e, uniq_edmund,
          uniq_duvessa
D:7:      layout_cave_pods, lemuel_coloured_pillars_altar,
          minmay_temple_entry_drinking_statues, uniq_prince_ribbit1
D:8:      layout_loops_cross, uniq_harold

Skill      XL: |  1  2  3  4  5  6  7  8  9 10 |
---------------+-------------------------------+-----
Short Blades   | 3 4 5 7 8 |  8.0
Dodging        | 2 3 |  3.0
Throwing       | 3 |  3.0
Fighting       | 3 4 5 7 9 10 | 10.0
Stealth        | 6 7 9 10 | 10.0
Invocations    | 4 6 |  6.8
Shields        | 1 |  1.8

Action                   |  1- 3 |  4- 6 |  7- 9 | 10-12 || total
-------------------------+-------+-------+-------+-------++-------
Melee: Dagger            |    69 |    46 |       |       ||   115
       Short sword       |       |    14 |   409 |   119 ||   542
Throw: Dart              |       |    20 |    31 |       ||    51
Invok: Stomp             |       |       |     2 |       ||     2
Evoke: Wand              |       |       |     1 |       ||     1
  Use: Scroll            |       |       |     9 |       ||     9
       Potion            |       |       |     2 |     1 ||     3
 Stab: Sleeping          |    21 |     7 |    32 |     5 ||    65
       Distracted        |       |       |     1 |       ||     1
       Paralysed         |       |       |     2 |       ||     2
Armor: Robe              |     6 |     7 |    56 |       ||    69
       Ring mail         |       |       |    47 |    15 ||    62
Dodge: Dodged            |    28 |    37 |   263 |    54 ||   382

Table legend: (Time is in decaauts)
 A = Elapsed time spent in this place.
 B = Non-inter-level travel time spent in this place.
 C = Inter-level travel time spent in this place.
 D = Time resting spent in this place.
 E = Time spent auto-exploring this place.
 F = Levels seen in this place.
 G = Mean time per level.
                   A        B        C        D        E       F      G
               +--------+--------+--------+--------+--------+-----+--------+
         Total |  12941 |  12356 |    585 |   4023 |   6659 |   9 | 1437.9 |
       Dungeon |  12098 |  11513 |    585 |   3738 |   6344 |   8 | 1512.2 |
         Sewer |    843 |    843 |      0 |    285 |    315 |   1 |  843.0 |
               +--------+--------+--------+--------+--------+-----+--------+

Top non-repeatable levels by time:
     D:7: 2176 daAuts
     D:4: 1969 daAuts
     D:5: 1791 daAuts
     D:3: 1690 daAuts
     D:6: 1535 daAuts
     D:2: 1297 daAuts
     D:8: 880 daAuts
   Sewer: 843 daAuts
     D:1: 757 daAuts
